AoeStats
← WizardinBlack74

Black Forest

504352155Analyzed
2v2 RM · 28d ago on Sep 5, 2026· 75m 55s· 4 players
Game mode
Random Map
Map size
Medium (4 player)
Population
200
Speed
Normal
Resources
Standard
Victory
Conquest
Starting age
Dark Age
Ending age
Imperial Age
RankedLock teamsTeams togetherTeam positionsShared explorationLock speedFull tech treeHidden civsTurbo modeCheats
Victory
Defeat
🇮🇹 Inca · Italy
403
+15
🇬🇹 Sicilians · Guatemala
385
+15
🇺🇸 Khmer · United States
372
-15
🇺🇸 Chinese · United States
372
-15
Witchinblack6
12:12 Feudal Age
15:25 Double-Bit Axe
16:17 Gold Mining
19:52 Fletching
28:35 Castle Age
27:13 Padded Archer Armor
26:58 Man-at-Arms
28:41 Forging
28:37 Horse Collar
29:37 Leather Archer Armor
29:25 Bodkin Arrow
34:26 Crossbowman
39:40 Imperial Age
37:57 Bow Saw
38:28 Leather Archer Armor
41:32 Thumb Ring
41:32 Bracer
42:30 Arbalester
59:09 Wheelbarrow
60:16 Heavy Scorpion
WizardinBlack74
19:06 Feudal Age
31:39 Gold Mining
31:40 Stone Mining
40:04 Man-at-Arms
43:16 Castle Age
44:08 Double-Bit Axe
51:28 Forging
51:18 Scale Mail Armor
51:44 Murder Holes
52:29 Horse Collar
53:40 Heavy Plow
63:28 Fortified Wall
63:12 Heated Shot
64:23 Pikeman
64:24 Long Swordsman
66:00 Iron Casting
65:33 Scale Barding Armor
65:55 Ballistics
cbarattic
8:57 Loom
15:27 Feudal Age
17:09 Wheelbarrow
17:15 Horse Collar
17:25 Double-Bit Axe
21:41 Forging
21:22 Fletching
21:33 Padded Archer Armor
21:33 Scale Mail Armor
22:03 Gold Mining
27:04 Castle Age
27:17 Arson
29:44 Iron Casting
29:06 Bodkin Arrow
29:26 Chain Mail Armor
29:27 Leather Archer Armor
30:32 Hand Cart
30:21 Heavy Plow
30:55 Bow Saw
31:21 Gold Shaft Mining
30:14 Pikeman
30:50 Elite Skirmisher
33:46 Squires
34:07 Stone Mining
34:29 Caravan
34:59 Coinage
36:29 Andean Sling
40:09 Imperial Age
41:10 Thumb Ring
40:26 Crossbowman
52:15 Capped Ram
55:19 Halberdier
55:51 Arrowslits
57:22 Chemistry
56:43 Ballistics
56:14 Guard Tower
58:57 Siege Engineers
58:59 Heated Shot
62:26 Onager
JoseTan7238
5:32 Loom
17:07 Feudal Age
26:55 Forging
26:46 Scale Mail Armor
26:53 Scale Barding Armor
26:39 Fletching
26:50 Padded Archer Armor
30:01 Castle Age
28:20 Horse Collar
31:11 Pikeman
31:52 Stone Mining
34:11 Gold Mining
38:17 Stone Shaft Mining
38:21 Gold Shaft Mining
38:48 Double-Bit Axe
42:42 Husbandry
42:53 Bloodlines
42:04 Light Cavalry
43:44 Caravan
44:16 Coinage
50:52 Imperial Age
50:20 Iron Casting
50:01 Chain Mail Armor
50:07 Chain Barding Armor
49:43 Bodkin Arrow
50:03 Leather Archer Armor
52:01 Wheelbarrow
51:26 Cavalier
54:30 Hand Cart
54:47 Heavy Plow
58:02 First Crusade
57:03 Elite Serjeant
57:49 Hauberk
58:20 Hoardings
57:16 Sappers
58:07 Conscription
58:21 Bow Saw
58:34 Town Watch
58:40 Onager
59:38 Guilds
59:59 Banking
59:48 Masonry
59:59 Ballistics
60:51 Halberdier
Connection lost

Rejoining the realm…

Still unreachable

The connection could not be restored.

Session expired

The server has moved on; the page needs a fresh start.